 Dungeon Crawl Stone Soup version 0.19-a0-1905-ge8b2aad (webtiles) character file.

31 Morenatsu the Slasher (level 3, -5/23 HPs)
             Began as a Tengu Berserker on Oct 21, 2016.
             Was an Initiate of Okawaru.
             Slain by a polar bear (25 damage)
             ... created by the rage of Trog
             ... on level 2 of the Dungeon.
             The game lasted 00:01:56 (738 turns).

Morenatsu the Slasher (Tengu Berserker)              Turns: 738, Time: 00:01:57

Health: -5/23      AC:  7    Str: 17    XL:     3   Next: 22%
Magic:  4/4        EV: 12    Int:  7    God:    Okawaru [......]
Gold:   119        SH:  0    Dex: 14    Spells: 0 memorised, 2 levels left

rFire  . . .     SeeInvis .     a - +1 falchion
rCold  . . .     Gourm    .     b - +0 animal skin
rNeg   . . .     Faith    .     (no shield)
rPois  .         Spirit   .     (helmet restricted)
rElec  .         Reflect  .     (no cloak)
rCorr  .         Harm     .     (no gloves)
MR     .....                    (boots unavailable)
Stlth  +.........               (no amulet)
                                (no ring)
                                i - +5 ring of protection

@: no status effects
A: beak, talons 3
a: Renounce Religion


You were on level 2 of the Dungeon.
You worshipped Okawaru.
Okawaru was noncommittal.
You were not hungry.

You visited 1 branch of the dungeon, and saw 2 of its levels.

You collected 119 gold pieces.

Inventory:

Hand Weapons
 a - a +1 falchion (weapon)
Armour
 b - a +0 animal skin (worn)
Jewellery
 i - a +5 ring of protection (left hand)
Scrolls
 f - a scroll of enchant armour {unknown}
 j - a scroll of teleportation
Potions
 d - a potion of might {unknown}
 e - a potion of agility {unknown}
 h - 2 potions of degeneration {unknown}
Comestibles
 c - 4 bread rations
 g - a meat ration


   Skills:
 - Level 3.0 Fighting
 + Level 4.6 Long Blades
 - Level 2.1 Armour
 - Level 2.1 Dodging


You had 2 spell levels left.
You didn't know any spells.

Dungeon Overview and Level Annotations

Branches:
Dungeon (2/15)

Altars:
Okawaru


Innate Abilities, Weirdness & Mutations

You have a beak for a mouth.
You have claws for feet.


Message History

Trog sends monsters to punish you.
A polar bear and 3 black bears come into view.
You hit the black bear. You claw the black bear.
Your peck misses the black bear.
The black bear is lightly wounded.
You hit the black bear.
The black bear is moderately wounded.
The black bear closely misses you.
You riposte.
You barely miss the black bear.
The black bear is moderately wounded.
The black bear closely misses you. The black bear claws you.
The polar bear barely misses you.
The polar bear claws you but does no damage.
The polar bear closely misses you.
The black bear rages.
You hit the black bear but do no damage.
Your peck misses the black bear.
The black bear is moderately wounded.
The polar bear bites you!!
Ouch! That really hurt!
You die...

#.###.###.##..... #.#
#.# #.####.##
#######.###.# #......##
............# #........
#######.....####.######
#.........#.# #
#.####.##.#.###### #h#
#.##.#....... #@#
#>##.#.######
#h####.#..=.# #
.hh.........##
##.###........# #.#
##......## #.# #.#....#
... ...##.#.#
#.........#.#
###.####.##


You could see a polar bear (berserk) and 3 black bears.

Vanquished Creatures
  An adder (D:2)
  An ooze (D:1)
  A leopard gecko (D:1)
  A ball python (D:1)
  A goblin (D:1)
  2 hobgoblins (D:1)
  2 kobolds
  3 bats (D:1)
  A frilled lizard (D:1)
  4 rats
17 creatures vanquished.

Vanquished Creatures (others)
  A frilled lizard (D:1)
1 creature vanquished.

Grand Total: 18 creatures vanquished

Notes
Turn   | Place    | Note
-------+----------+-------------------------------------------
     0 | D:1      | Morenatsu the Tengu Berserker began the quest for the Orb.
     0 | D:1      | Reached XP level 1. HP: 14/14 MP: 2/2
   254 | D:1      | Reached XP level 2. HP: 19/19 MP: 3/3
   254 | D:1      | Reached skill level 4 in Long Blades
   519 | D:2      | Found an iron altar of Okawaru.
   534 | D:2      | Fell from the grace of Trog
   534 | D:2      | Became a worshipper of Warmaster Okawaru
   659 | D:2      | Reached XP level 3. HP: 22/23 MP: 4/4
   736 | D:2      | Noticed a polar bear
   736 | D:2      | Noticed a black bear
   736 | D:2      | Noticed a black bear
   736 | D:2      | Noticed a black bear
   738 | D:2      | Slain by a polar bear

Vault maps used:
D:1:      dpeg_arrival_windows_large_door, lemuel_old_faithful
D:2:      okawaru_metal_pillars_3

Skill      XL: |  1  2 |
---------------+-------+-----
Long Blades    | 4 |  4.6
Fighting       | |  3.0
Armour         | |  2.1
Dodging        | |  2.1

Action                   || total
-------------------------++-------
Melee: Falchion          ||    37
       Kick              ||     9
       Peck              ||     7
  Use: Scroll            ||     7
Armor: Animal skin       ||    15
Dodge: Dodged            ||    30
       Rpst.: Falchion   ||    11
